Workbook

Sheet Disclaimer
A1: JB금융그룹 2026년 3분기 연결/별도 재무제표 (3Q26 JB Financial Group Financial Statements)
A2: Disclaimer 본 자료는 외부 감사인의 회계감사(검토)가 완료되지 않은 상태에서 투자자의 편의를 위해 조기에 작성된 자료로, 외부 감사인의 최종 감사(검토) 후 변경될 수 있음을 양지하시기 바랍니다. The financial information contained herein has neither been reviewed or audited by independent auditors. Therefore, no assurance is given that the financial information contained herein is accurate or complete, and such financial information may differ from the financial information to be contained in our financial statement audited by independent auditors.

Sheet Group_Con
A1: 연결 재무상태표 (Consolidated Statement of Financial Position)
A3: 주식회사 JB금융지주와 그 종속기업 (JB Financial Group and its Subsidiaries) | E3: [단위: 백만원(KRW mn)]
A4: 계 정 명 (Description) | B4: =Group_Sep!B4 -> 제14(당)기 2026년 3분기말 (As of Sep. 30, 2026) | D4: =Group_Sep!D4 -> 제13(전)기 2025년말 (As of Dec. 31, 2025)
A5: 자 산 (Assets)
A6: 1. 현금및예치금 (Cash & Due from Banks) | B6: 3210566 | D6: 2473120
A7: 2. 당기손익-공정가치측정금융자산 (FVPL-Financial Instruments) | B7: 4281629 | D7: 3918901
A8: 3. 기타포괄손익-공정가치측정금융자산 (FVOCI-Financial Instruments) | B8: 4084795 | D8: 4475747
A9: 4. 위험회피목적파생상품자산 (Hedging Derivatives) | B9: 1301 | D9: 861
A10: 5. 상각후원가 측정 유가증권 (AC-Financial Instruments) | B10: 2796554 | D10: 2725799
A11: 6. 공동기업과 관계기업에 대한 투자자산 (Investments in Associates) | B11: 377568 | D11: 342232
A12: 7. 상각후원가 측정 대출채권 (AC-Loans) | B12: 62353802 | D12: 56695779
A13: 8. 유형자산 (Property and Equipment) | B13: 841204 | D13: 845934
A14: 9. 무형자산 (Intangible Assets) | B14: 220782 | D14: 225085
A15: 10. 투자부동산 (Investment Property) | B15: 26957 | D15: 44528
A16: 11. 순확정급여자산 (Retirement Benefit Assets) | B16: 78054 | D16: 78532
A17: 12. 이연법인세자산 (Deferred Income Tax Assets) | B17: 71865 | D17: 58119
... A19: 14. 기타자산 (Other Assets) | B19: 1538898 | D19: 1239207
A20: 자 산 총 계 (Total Assets) | C20: 79933522 | E20: 73123844
A21: 부 채 (Liabilities)
A22: 1. 예수부채 (Deposits) | B22: 52305313 | D22: 47779704
A23: 2. 당기손익-공정가치 측정 금융부채 (FVPL-Financial Liabilities) | B23: 52139 | D23: 16570
A24: 3. 위험회피목적파생상품부채 (Hedging Derivative Liabilities) | B24: 0 | D24: 205
A25: 4. 차입부채 (Borrowings) | B25: 2759071 | D25: 2870134
A26: 5. 사채 (Debentures) | B26: 16364651 | D26: 14183144
A27: 6. 충당부채 (Provisions) | B27: 32164 | D27: 36492
A28: 7. 당기법인세부채 (Current Tax Liabilities) | B28: 109783 | D28: 107061
A29: 8. 이연법인세부채 (Deferred Tax Liabilities) | B29: 33499 | D29: 43030
A30: 9. 기타부채 (Other Liabilities) | B30: 1947394 | D30: 1912332
A31: 부 채 총 계 (Total Liabilities) | C31: 73604014 | E31: 66948672
A32: 자 본 (Equity)
A33: 지배주주지분 (Controlling Interests) | C33: 6062209 | E33: 5914615
A34: 1. 자본금 (Paid-In Capital) | B34: 984914 | D34: 984914
A35: 2. 신종자본증권 (Hybrid Securities) | B35: 520000 | D35: 520000
A36: 3. 자본잉여금 (Capital Surplus) | B36: 708908 | D36: 708911
A37: 4. 자본조정 (Capital Adjustments) | B37: -91668 | D37: -68224
A38: 5. 기타포괄손익누계액 (Accumulated Other Comprehensive Loss) | B38: -134174 | D38: -40459
A39: 6. 이익잉여금 (Retained Earnings) | B39: 4074229 | D39: 3809473
A40: 비지배주주지분 (Non-Controlling Interests) | C40: 267299 | E40: 260557
A41: 자 본 총 계 (Total Shareholders' Equity) | C41: 6329508 | E41: 6175172
A42: 자 본 과 부 채 총 계 (Total Equity and Liabilities) | C42: 79933522 | E42: 73123844
A44: 연결 포괄손익계산서 (Consolidated Income Statement)
A46: 주식회사 JB금융지주와 그 종속기업 (JB Financial Group and its Subsidiaries) | E46: [단위: 백만원(KRW mn)]
A47: 과 목 (Description) | B47: 제14(당)기 3분기 (3Q26) | D47: 제13(전)기 3분기 (3Q25)
B48: 3개월(3Q) | C48: 누적(Cum) | D48: 3개월(3Q) | E48: 누적(Cum.)
A49: I. 영업이익(손실) (Operating Income) | B49: 290950 | C49: 817862 | D49: 281076 | E49: 765444
A50: (1) 순이자손익 (Net Interest Income) | B50: 566494 | C50: 1654414 | D50: 517799 | E50: 1510819
A51: 1. 이자수익 (Interest Income) | B51: 1015602 | C51: 2872464 | D51: 893219 | E51: 2664148
A52: 2. 이자비용 (Interest Expenses) | B52: -449108 | C52: -1218050 | D52: -375420 | E52: -1153329
A53: (2) 순수수료손익 (Net Fee and Commission Income) | B53: 13435 | C53: 53379 | D53: 17187 | E53: 41167
A54: 1. 수수료수익 (Fee and Commission Income) | B54: 58677 | C54: 165775 | D54: 48129 | E54: 139975
A55: 2. 수수료비용 (Fee and Commission Expenses) | B55: -45242 | C55: -112396 | D55: -30942 | E55: -98808
A56: (3) 순리스료손익 (Net Lease Income) | B56: 7406 | C56: 22809 | D56: 9825 | E56: 30671
A57: 1. 리스수익 (Lease Income) | B57: 35830 | C57: 114103 | D57: 49953 | E57: 160025
A58: 2. 리스비용 (Lease Expenses) | B58: -28424 | C58: -91294 | D58: -40128 | E58: -129354
A59: (4) 당기손익-공정가치측정금융상품관련손익 (Net Income on FVPL) | B59: 12380 | C59: 166731 | D59: 68047 | E59: 153892
A60: (5) 기타포괄손익-공정가치측정금융상품관련손익 (Net Income on FVOCI) | B60: 2 | C60: 472 | D60: 2194 | E60: 44045
... A67: V. 당기순이익(손실) (Consolidated Net Income) | B67: 216926 | C67: 615661 | D67: 213230 | E67: 593836
A68: (1) 당기순이익(손실)의 귀속 (Consolidated Net Income)
A69: 1. 지배기업의 소유주에게 귀속되는 당기순이익(손실) (Attributable to Controlling Interests) | B69: 209953 | C69: 595657 | D69: 208275 | E69: 578721
A70: 2. 비지배지분에 귀속되는 당기순이익(손실) (Attributable to Non-Controlling Interests) | B70: 6973 | C70: 20004 | D70: 4955 | E70: 15115
A71: VI. 기타포괄손익 (Other Comprehensive Income, Net of Income Tax) | B71: -94943 | C71: -103526 | D71: 7147 | E71: -35220
A72: (1) 당기손익으로 재분류되지 않는 세후기타포괄손익 구성요소 (Items that will not be reclassified to profit or loss) | B72: 8150 | C72: 3282 | D72: 273 | E72: -634
A73: (2) 당기손익으로 재분류되는 세후기타포괄손익의 구성요소 (Items that will be reclassified to profit or loss) | B73: -103093 | C73: -106808 | D73: 6874 | E73: -34586
A74: VII. 총포괄손익 (Total Comprehensive Income) | B74: 121983 | C74: 512135 | D74: 220377 | E74: 558616
A75: (1) 포괄손익의 귀속 (Total Comprehensive Income)
A76: 1. 지배기업의 소유주에게 귀속되는 총포괄손익 (Attributable to Controlling Interests) | B76: 143639 | C76: 501943 | D76: 210550 | E76: 550358
A77: 2. 비지배지분에 귀속되는 총포괄손익 (Attributable to Non-Controlling Interests) | B77: -21656 | C77: 10192 | D77: 9827 | E77: 8258

Sheet Group_Sep
A1: 재무상태표 (Statement of Financial Position)
A3: 주식회사 JB금융지주 (JB Financial Group-Separate) | E3: [단위: 백만원(KRW mn)]
A4: 계 정 명 (Description) | B4: 제14(당)기 2026년 3분기말 (As of Sep. 30, 2026) | D4: 제13(전)기 2025년말 (As of Dec. 31, 2025)
A5: 자 산 (Assets)
A6: 1. 현금및예치금 (Cash & Due from Banks) | B6: 145797 | D6: 179458
A7: 2. 당기손익-공정가치측정금융자산 (FVPL-Financial Instruments) | B7: 12152 | D7: 81802
A8: 3. 기타포괄손익-공정가치측정금융자산 (FVOCI-Financial Instruments) | B8: 359006 | D8: 296582
A9: 4. 종속기업,공동기업과 관계기업에 대한 투자자산 (Investments in Subsidiaries) | B9: 2916026 | D9: 2916026
A10: 5. 상각후원가측정대출채권 (AC-Financial Instrument) | B10: 115321 | D10: 119400
A11: 6. 유형자산 (Property and Equipment) | B11: 2581 | D11: 2872
A12: 7. 무형자산 (Intangible Assets) | B12: 9998 | D12: 10493
A13: 8. 기타자산 (Other Assets) | B13: 77698 | D13: 205331
A14: 자 산 총 계 (Total Assets) | C14: 3638579 | E14: 3811964
A15: 부 채 (Liabilities)
A16: 1. 사채 (Debentures) | B16: 1178732 | D16: 1038941
A17: 2. 기타부채 (Other Liabilities) | B17: 18134 | D17: 35976
A18: 부 채 총 계 (Total Liabilities) | C18: 1196866 | E18: 1074917
A19: 자 본 (Equity)
A20: 1. 자본금 (Paid-in Capital) | B20: 984914 | D20: 984914
A21: 2. 신종자본증권 (Hybrid Securities) | B21: 520000 | D21: 520000
A22: 3. 자본잉여금 (Capital Surplus) | B22: 482642 | D22: 482645
A23: 4. 자본조정 (Capital Adjustments) | B23: -91669 | D23: -70709
A24: 5. 기타포괄손익누계액 (Accumulated Other Comprehensive Income) | B24: -14375 | D24: -6613
A25: 6. 이익잉여금 (Retained Earnings) | B25: 560201 | D25: 826810
A26: 자 본 총 계 (Total Equity) | C26: 2441713 | E26: 2737047
A27: 자 본 과 부 채 총 계 (Total Equity and Liabilities) | C27: 3638579 | E27: 3811964
A29: 포괄손익계산서 (Income Statement)
A31: 주식회사 JB금융지주 (JB Financial Group-Separate) | E31: [단위: 백만원(KRW mn)]
A32: 과 목 (Description) | B32: 제14(당)기 3분기 (3Q26) | D32: 제13(전)기 3분기 (3Q25)
B33: 3개월(3Q) | C33: 누적(Cum.) | D33: 3개월(3Q) | E33: 누적(Cum.)
A34: I. 영업이익 (Net Operating Income) | B34: -7029 | C34: 63266 | D34: -4985 | E34: 93513
A35: (1) 순이자손익 (Net Interest Income) | B35: -9080 | C35: -21720 | D35: -7398 | E35: -19562
A36: 1. 이자수익 (Interest Income) | B36: 1262 | C36: 5394 | D36: 941 | E36: 2371
A37: 2. 이자비용 (Interest Expenses) | B37: -10342 | C37: -27114 | D37: -8339 | E37: -21933
A38: (2) 순수수료손익 (Net Fee and Commission Income) | B38: 2451 | C38: 10141 | D38: 2875 | E38: 10240
A39: 1. 수수료수익 (Fee and Commission Income) | B39: 4717 | C39: 14825 | D39: 4706 | E39: 14179
A40: 2. 수수료비용 (Fee and Commission Expenses) | B40: -2266 | C40: -4684 | D40: -1831 | E40: -3939
A41: (3) 배당수익 (Dividend Income) | B41: 4359 | C41: 100585 | D41: 4088 | E41: 121646
A42: (4) 당기손익-공정가치측정금융상품관련손익 (Net Income on FVOCI) | B42: 540 | C42: -3650 | D42: 3116 | E42: 4722
A43: (5) 신용손실충당금 전입액 (Provision for Credit Loss Allowance) | B43: -42 | C43: -580 | D43: 0 | E43: 0
A44: (6) 판매비와관리비 (General and Administrative Expenses) | B44: -5257 | C44: -21510 | D44: -7666 | E44: -23533
A45: II. 영업외손익 (Non-Operating Income and Expenses) | B45: -293 | C45: -700 | D45: -150 | E45: -279
... A49: VI. 기타포괄손익 (Other Comprehensive Income, Net of Income Tax) | B49: -83 | C49: -7763 | D49: -50 | E49: 2923
A50: (1) 당기손익으로 재분류 되지않는 세후기타포괄손익 구성요소 (Items that will not be reclassified subsequently to profit or loss)
A51: 1. 확정급여제도의재측정요소 (Remeasurement of the Net Defined Benefit Liability(Asset)) | B51: -83 | C51: -187 | D51: -50 | E51: -74
A52: 2. 기타포괄손익-공정가치측정지분상품평가손익 (Net change of investments in equity instruments in FVOCI) | B52: 0 | C52: -7576 | D52: 0 | E52: 2997
A53: VII. 총포괄손익 (Net Comprehensive Income) | B53: -7405 | C53: 56530 | D53: -5185 | E53: 96157

Sheet JBB_Con
A1: 연결 재무상태표 (Consolidated Statement of Financial Position)
A3: 주식회사 전북은행과 그 종속기업 (JB Bank and its Subsidiaries) | E3: [단위: 백만원(KRW mn)]
A4: 계 정 명 (Description) | B4: =JBB_Sep!B4 -> 제66(당)기 2026년 3분기말 (As of Sep. 30, 2026) | D4: =JBB_Sep!D4 -> 제65(전)기 2025년말 (As of Dec. 31, 2025)
A5: 자 산 (Assets)
A6: 1. 현금및예치금 (Cash & Due from Banks) | B6: 1092917 | D6: 883173
A7: 2. 당기손익-공정가치측정금융자산 (FVPL) | B7: 837059 | D7: 737914
A8: 3. 기타포괄손익-공정가치측정금융자산 (FVOCI) | B8: 2038331 | D8: 2177792
A9: 4. 상각후원가측정유가증권 (AC-Financial Instrument) | B9: 766719 | D9: 825691
A10: 5. 종속기업, 공동기업과 관계기업에 대한 투자자산 (Investments in Associates) | B10: 99174 | D10: 113094
A11: 6. 상각후원가측정대출채권 (AC-Loans) | B11: 23255192 | D11: 20613597
A12: 7. 유형자산 (Property and Equipment) | B12: 321048 | D12: 328539
A13: 8. 사용권자산 (Right-of-use Assets) | B13: 18379 | D13: 20335
A14: 9. 무형자산 (Intangible Assets) | B14: 116804 | D14: 118920
A15: 10. 투자부동산 (Investment Property) | B15: 7272 | D15: 11340
A16: 11. 매각예정자산 (Assets Held for Sale) | B16: 18732 | D16: 0
A17: 12. 순확정급여자산 (Assets for Defined Benefit Obligations) | B17: 9861 | D17: 17497
... A19: 14. 기타자산 (Other Assets) | B19: 418472 | D19: 417239
A20: 자 산 총 계 (Total Assets) | C20: 29049962 | E20: 26297762
A21: 부 채 (Liabilities)
A22: 1. 예수부채 (Deposits) | B22: 23084779 | D22: 20980632
A23: 2. 당기손익-공정가치측정금융부채 (FVPL-Financial Liabilities) | B23: 16465 | D23: 2129
A24: 3. 차입부채 (Borrowings) | B24: 887163 | D24: 825199
A25: 4. 사채 (Debentures) | B25: 1863086 | D25: 1399642
A26: 5. 충당부채 (Provisions) | B26: 11488 | D26: 11881
A27: 6. 당기법인세부채 (Income Tax Payable) | B27: 24668 | D27: 28341
A28: 7. 이연법인세부채 (Deferred Tax Liabilities) | B28: 0 | D28: 0
A29: 8. 기타부채 (Other Liabilities) | B29: 753198 | D29: 701119
A30: 부 채 총 계 (Total Liabilities) | C30: 26640847 | E30: 23948943
A31: 자 본 (Equity)
A32: 지배주주지분 | B32: 2198121 | D32: 2146074
A33: 1. 자본금 (Paid-In Capital) | B33: 500448 | D33: 500448
A34: 2. 자본잉여금 (Capital Surplus) | B34: 325108 | D34: 325108
A35: 3. 기타포괄손익누계액 (Accumulated Other Comprehensive Loss) | B35: -60767 | D35: -9452
A36: 4. 이익잉여금 (Retained Earnings) | B36: 1433332 | D36: 1329970
A37: 비지배주주지분 (Non-Controlling Interests) | B37: 210994 | D37: 202745
A38: 자 본 총 계 (Total Equity) | C38: 2409115 | E38: 2348819
A39: 자 본 과 부 채 총 계 (Total Equity and Liabilities) | C39: 29049962 | E39: 26297762
A41: 연결 포괄손익계산서 (Consolidated Income Statement)
A43: 주식회사 전북은행과 그 종속기업 (JB Bank and its Subsidiaries) | E43: [단위: 백만원(KRW mn)]
A44: 과 목 (Description) | B44: 제66(당)기 3분기 (3Q26) | D44: 제65(전)기 3분기 (3Q25)
B45: 3개월(3Q) | C45: 누적(Cum.) | D45: 3개월(3Q) | E45: 누적(Cum.)
A46: I. 영업이익 (Operating Income) | B46: 95087 | C46: 222057 | D46: 79359 | E46: 230590
A47: (1) 순이자손익 (Net Interest Income) | B47: 210193 | C47: 603977 | D47: 188891 | E47: 557420
A48: 1. 이자수익 (Interest Income) | B48: 368259 | C48: 1029255 | D48: 322043 | E48: 974744
A49: 2. 이자비용 (Interest Expense) | B49: -158066 | C49: -425278 | D49: -133152 | E49: -417324
A50: (2) 순수수료손익 (Net Fee and Commission Income) | B50: 769 | C50: 9886 | D50: 6833 | E50: 5001
A51: 1. 수수료수익 (Fee and Commission Income) | B51: 16934 | C51: 48919 | D51: 17056 | E51: 39763
A52: 2. 수수료비용 (Fee and Commission Expense) | B52: -16165 | C52: -39033 | D52: -10223 | E52: -34762
A53: (3) 당기손익-공정가치측정금융상품관련손익 (Net Income on FVPL) | B53: -7962 | C53: 944 | D53: 13586 | E53: 19089
A54: (4) 기타포괄손익-공정가치측정금융상품관련손익 (Net Income on FVOCI) | B54: 1 | C54: 62 | D54: 1947 | E54: 19678
A55: (5) 상각후원가측정금융상품관련손익 (Net Income on AC) | B55: 0 | C55: 0 | D55: 0 | E55: 0
A56: (6) 신용손실에 대한 손상차손 (Net Impairment Loss on Credit Losses) | B56: -31617 | C56: -105038 | D56: -28801 | E56: -94800
A57: (7) 기타영업손익 (Other Operating Expenses, Net) | B57: 1814 | C57: -39853 | D57: -28493 | E57: -58887
... A62: V. 당기순이익 (Consolidated Net Income) | B62: 72533 | C62: 167005 | D62: 61791 | E62: 178379
A63: (1) 당기순이익의 귀속 (Consolidated Net Income)
A64: 1. 지배기업의 소유주에게 귀속되는 당기순이익 (Attributable to Controlling Interests) | B64: 65326 | C64: 146500 | D64: 55732 | E64: 159711
A65: 2. 비지배지분에 귀속되는 당기순이익 (Attributable to Non-Controlling Interests) | B65: 7207 | C65: 20505 | D65: 6060 | E65: 18668
A66: VI. 기타포괄손익 (Other Comprehensive Income, Net of Income Tax) | B66: -74741 | C66: -63571 | D66: 8006 | E66: -26543
A67: (1) 당기손익으로 재분류 되지않은 세후기타포괄손익 구성요소 (Items that will not be reclassified to profit or loss)
A68: 1. 확정급여제도의재측정요소 (Remeasurement of the Net Defined Benefit Liability(Asset)) | B68: -78 | C68: -1236 | D68: -412 | E68: -1046
A69: 2. 기타포괄손익-공정가치측정지분상품관련손익 (Net Change of Share Instruments in FVOCI) | B69: -289 | C69: 1077 | D69: 322 | E69: -2
A70: 3. 지분법자본변동 (Equity Method Capital Adjustments) | B70: 0 | C70: 0 | D70: 0 | E70: -1
A71: (2) 당기손익으로 재분류되는 세후기타포괄손익의 구성요소 (Items that will be reclassified to profit or loss)
A72: 1. 기타포괄손익-공정가치측정금융자산관련손익 (Net Change of Debt Instruments in FVOCI) | B72: -9359 | C72: -34531 | D72: -6094 | E72: -5655
A73: 2. 지분법자본변동 (Changes in Equity under the Equity Method) | B73: -1864 | C73: -1230 | D73: 0 | E73: 0
A74: 3. 해외사업환산손익 (Overseas Business Translation Profit) | B74: -63151 | C74: -27651 | D74: 14190 | E74: -19839
A75: VII. 총포괄손익 (Total Comprehensive Income) | B75: -2208 | C75: 103434 | D75: 69798 | E75: 151836
A76: (1) 포괄손익의 귀속 (Total Comprehensive Income)
A77: 1. 지배기업의 소유주에게 귀속되는 총포괄손익 (Attributable to Controlling Interests) | B77: 18406 | C77: 95185 | D77: 57581 | E77: 141702
A78: 2. 비지배지분에 귀속되는 총포괄손익 (Attributable to Non-Controlling Interests) | B78: -20614 | C78: 8249 | D78: 12217 | E78: 10134

Sheet JBB_Sep
A1: 재무상태표 (Statement of Financial Position)
A3: 주식회사 전북은행 (JB Bank) | E3: [단위: 백만원(KRW mn)]
A4: 과 목 (Description) | B4: 제66(당)기 2026년 3분기말 (As of Sep. 30, 2026) | D4: 제65(전)기 2025년말 (As of Dec. 31, 2025)
A5: 자 산 (Assets)
A6: 1. 현금및예치금 (Cash & Due from Banks) | B6: 824285 | D6: 599262
A7: 2. 당기손익-공정가치측정금융자산 (FVPL) | B7: 836762 | D7: 736725
A8: 3. 기타포괄손익-공정가치측정금융자산 (FVOCI) | B8: 2038043 | D8: 2177507
A9: 4. 상각후원가측정유가증권 (AC-Financial Instrument) | B9: 948619 | D9: 825691
A10: 5. 종속기업,공동기업과 관계기업에 대한 투자자산 (Investment in Subsidiaries) | B10: 199181 | D10: 205013
A11: 6. 상각후원가측정대출채권 (AC-Loans) | B11: 21598355 | D11: 19122830
A12: 7. 유형자산 (Property and Equipment) | B12: 302048 | D12: 308513
A13: 8. 사용권자산 (Right-of-use Assets) | B13: 7513 | D13: 7870
A14: 9. 무형자산 (Intangible Assets) | B14: 59900 | D14: 58340
A15: 10. 투자부동산 (Investment Property) | B15: 7272 | D15: 11340
A16: 11. 매각예정자산 (Assets Held for Sale) | B16: 18732 | D16: 0
A17: 12. 순확정급여자산 (Assets for Defined Benefit Obligations) | B17: 9861 | D17: 17497
... A19: 14. 기타자산 (Other Assets) | B19: 382767 | D19: 381823
A20: 자 산 총 계 (Total Assets) | C20: 27284157 | E20: 24487692
A21: 부 채 (Liabilities)
A22: 1. 예수부채 (Deposits) | B22: 21781520 | D22: 19609170
A23: 2. 당기손익-공정가치 측정 금융부채 (FVPL-Financial Liabilities) | B23: 16465 | D23: 2129
A24: 3. 차입부채 (Borrowings) | B24: 885863 | D24: 823270
A25: 4. 사채 (Debentures) | B25: 1840292 | D25: 1390459
A26: 5. 충당부채 (Provisions) | B26: 11241 | D26: 11729
A27: 6. 당기법인세부채 (Current Tax Liabilities) | B27: 19915 | D27: 23539
A28: 7. 기타부채 (Other Liabilities) | B28: 694923 | D28: 646768
A29: 부 채 총 계 (Total Liabilities) | C29: 25250219 | E29: 22507064
A30: 자 본 (Equity)
A31: 1. 자본금 (Paid-In Capital) | B31: 500448 | D31: 500448
A32: 2. 자본잉여금 (Capital Surplus) | B32: 325108 | D32: 325108
A33: 3. 기타포괄손익누계액 (Accumulated Other Comprehensive Income) | B33: -84945 | D33: -50255
A34: 4. 이익잉여금 (Retained Earnings) | B34: 1293327 | D34: 1205327
A35: 자 본 총 계 (Total Equity) | C35: 2033938 | E35: 1980628
A36: 자 본 과 부 채 총 계 (Total Equity and Liability) | C36: 27284157 | E36: 24487692
A38: 포괄손익계산서 (Income Statement)
A40: 주식회사 전북은행 (JB Bank) | E40: [단위: 백만원(KRW mn)]
A41: 과 목 (Description) | B41: 제66(당)기 3분기 (3Q26) | D41: 제65(전)기 3분기 (3Q25)
B42: 3개월(3Q) | C42: 누적(Cum.) | D42: 3개월(3Q) | E42: 누적(Cum.)
A43: I. 영업이익 (Operating Income) | B43: 76704 | C43: 170210 | D43: 64031 | E43: 183461
A44: (1) 순이자수익 (Net Interest Income) | B44: 183494 | C44: 526141 | D44: 165561 | E44: 488296
A45: 1. 이자수익 (Interest Income) | B45: 327264 | C45: 911312 | D45: 287118 | E45: 870025
A46: 2. 이자비용 (Interest Expense) | B46: -143770 | C46: -385171 | D46: -121557 | E46: -381729
A47: (2) 순수수료수익 (Net Fee and Commission Income) | B47: 214 | C47: 8149 | D47: 6368 | E47: 3404
A48: 1. 수수료수익 (Fee and Commission Income) | B48: 15525 | C48: 44608 | D48: 15868 | E48: 35495
A49: 2. 수수료비용 (Fee and Commission Expense) | B49: -15311 | C49: -36459 | D49: -9500 | E49: -32091
A50: (3) 당기손익-공정가치측정금융상품관련손익 (Net Income on FVOCI) | B50: -7962 | C50: 944 | D50: 13586 | E50: 19089
A51: (4) 기타포괄손익-공정가치측정금융상품관련손익 (Net Income on FVOCI) | B51: 1 | C51: 62 | D51: 1947 | E51: 19678
A52: (5) 상각후원가측정금융상품관련손익 (Net Income on AC) | B52: 0 | C52: 0 | D52: 0 | E52: 0
A53: (6) 신용손실에 대한 손상차손 (Net Impairment Loss on Credit Losses) | B53: -30340 | C53: -101328 | D53: -28017 | E53: -93403
A54: (7) 판매비와관리비 (General and Administrative Expenses) | B54: -70413 | C54: -223747 | D54: -66935 | E54: -194495
... A60: VI. 기타포괄손익 (Other Comprehensive Income, Net of Income Tax) | B60: -9727 | C60: -34690 | D60: -6184 | E60: -6703
A61: (1) 당기손익으로 재분류 되지않은 세후기타포괄손익 구성요소 (Items that will not be reclassified to profit or loss)
A62: 1. 확정급여제도의재측정요소 (Remeasurement of the Net Defined Benefit Liability(Asset)) | B62: -78 | C62: -1236 | D62: -411 | E62: -1045
A63: 2. 기타포괄손익-공정가치측정지분상품관련손익 (Net Change of Share Instruments in FVOCI) | B63: -289 | C63: 1077 | D63: 322 | E63: -2
A64: (2) 당기손익으로 재분류되는 세후기타포괄손익의 구성요소 (Items that will be reclassified to profit or loss)
A65: 1. 기타포괄손익-공정가치측정금융자산관련손익 (Net Change of Debt Instruments in FVOCI) | B65: -9360 | C65: -34531 | D65: -6095 | E65: -5656
A66: VII. 총포괄손익 (Total Comprehensive Income) | B66: 47915 | C66: 96448 | D66: 41842 | E66: 133302

Sheet KJB_Con
A1: 연결 재무상태표 (Consolidated Statement of Financial Position)
A3: 주식회사 광주은행과 그 종속기업 (KJ Bank and its Subsidiaries) | E3: [단위: 백만원(KRW mn)]
A4: 과 목 (Description) | B4: =KJB_Sep!B4 -> 제13(당)기 2026년 3분기말 (As of Sep. 30, 2026) | D4: =KJB_Sep!D4 -> 제12(전)기 2025년말 (As of Dec. 31, 2025)
A5: 자 산 (Assets)
A6: 현금및현금성자산 (Cash & Due from Banks) | B6: 1615547627480 | D6: 1105291591824
A7: 당기손익-공정가치측정 금융자산 (FVPL) | B7: 1669901049154 | D7: 1676771592460
A8: 기타포괄손익-공정가치측정 금융자산 (FVOCI) | B8: 2046873452096 | D8: 2298365338942
A9: 상각후원가측정 유가증권 (AC-Financial Instrument) | B9: 2029835428433 | D9: 1900107994073
A10: 상각후원가측정 대출채권 및 기타금융자산 (AC-Loans) | B10: 29490250503388 | D10: 26898404279831
A11: 관계기업 투자자산 (Investments in Associates) | B11: 82129757322 | D11: 94665510849
A12: 투자부동산 (Investment Property) | B12: 7236312788 | D12: 7584423257
A13: 유형자산 (Property and Equipment) | B13: 287143802225 | D13: 283985102753
A14: 무형자산 (Intangible Assets) | B14: 46445493462 | D14: 50467231918
A15: 사용권자산 (Right-of-use Assets) | B15: 13522010219 | D15: 12244533787
A16: 기타자산 (Other Assets) | B16: 61582511964 | D16: 36600656311
A17: 순확정급여자산 (Retirement Benefit Assets) | B17: 65727266613 | D17: 55134704587
... A19: 이연법인세자산 (Deferred Income Tax Assets) | B19: 18000651538 | D19: 15019172259
A20: 자 산 총 계 (Total Assets) | C20: 37434330402672 | E20: 34434773498821
A21: 부 채 (Liabilities)
A22: 당기손익-공정가치측정 금융부채 (Financial Liabilities at Fair Value Through Profit or Loss) | B22: 35674304281 | D22: 14440715260
A23: 예수부채 (Deposits) | B23: 29383181207494 | D23: 26997564001667
A24: 차입부채 (Borrowings) | B24: 1538886620401 | D24: 1620910445676
A25: 발행사채 (Debentures) | B25: 2910000000000 | D25: 2220016061678
A26: 충당부채 (Provisions) | B26: 10104606656 | D26: 12038124068
A27: 당기법인세부채 (Current Tax Liabilities) | B27: 29394101047 | D27: 41718663290
A28: 기타금융부채 (Other Financial Liabilities) | B28: 911427828194 | D28: 1099535724085
A29: 기타부채 (Other Liabilities) | B29: 16345611781 | D29: 19333076234
A30: 부 채 총 계 (Total Liabilities) | C30: 34835014279854 | E30: 32025556811958
A31: 자 본 (Equity)
A32: 지배기업의 소유주에게 귀속되는 자본 (Controlling Interest) | B32: 2599316122818 | D32: 2409216686863
A33: 자본금 (Paid-In Capital) | B33: 256580285000 | D33: 256580285000
A34: 신종자본증권 (Hybrid Securities) | B34: 99717480000 | D34: 99717480000
A35: 기타불입자본 (Capital Surplus) | B35: 658787535909 | D35: 658787535909
A36: 기타포괄손익누계액 (Accumulated Other Comprehensive Loss) | B36: -77817586829 | D36: -42232864207
A37: 이익잉여금 (Retained Earnings) | B37: 1662048408738 | D37: 1436364250161
A38: 비지배지분 (Non-Controlling Interest) | B38: 0 | D38: 0
A39: 자 본 총 계 (Total Equity) | C39: 2599316122818 | E39: 2409216686863
A40: 부 채 및 자 본 총 계 (Total Liabilities and Equity) | C40: 37434330402672 | E40: 34434773498821
A42: 연결 포괄손익계산서 (Consolidated Income Statement)
A44: 주식회사 광주은행과 그 종속기업 (KJ Bank and its Subsidiaries) | E44: [단위: 백만원(KRW mn)]
A45: 과 목 (Description) | B45: 제13(당)기 3분기 (3Q26) | D45: 제12(전)기 3분기 (3Q25)
B46: 3개월(3Q) | C46: 누적(Cum.) | D46: 3개월(3Q) | E46: 누적(Cum.)
A47: 순이자이익 (Net Interest Income) | B47: 221139804429 | C47: 651736322656 | D47: 213712082332 | E47: 619597773277
A48: 이자수익 (Interest Income) | B48: 407454188726 | C48: 1149643635768 | D48: 363477982379 | E48: 1082856868309
A49: 이자비용 (Interest Expense) | B49: -186314384297 | C49: -497907313112 | D49: -149765900047 | E49: -463259095032
A50: 순수수료이익 (Net Fee and Commission Income) | B50: -1904078134 | C50: 15198862923 | D50: 4214313954 | E50: 11254480129
A51: 수수료수익 (Fee and Commission Income) | B51: 21995625730 | C51: 75309001495 | D51: 21484306562 | E51: 64890730861
A52: 수수료비용 (Fee and Commission Expense) | B52: -23899703864 | C52: -60110138572 | D52: -17269992608 | E52: -53636250732
A53: 배당수익 (Dividend Income) | B53: 483871008 | C53: 1285824299 | D53: 323053022 | E53: 1213787857
A54: 당기손익-공정가치측정금융상품 관련손익 (Net Income on FVPL) | B54: 8002706631 | C54: 24508856420 | D54: 1524979232 | E54: 19068881690
A55: 기타포괄손익 공정가치측정금융상품 관련손익 (Net Income on FVOCI) | B55: 0 | C55: 308083906 | D55: 247800080 | E55: 24324381280
A56: 신용손실에 대한 손상차손 (Net Impairment Loss on Credit Losses) | B56: -29657147130 | C56: -83789889339 | D56: -32716635548 | E56: -106874613966
A57: 일반관리비 (General and Administrative Expenses) | B57: -79913752600 | C57: -266722507776 | D57: -74550402825 | E57: -260820789240
A58: 기타영업손익 (Other Operating Expenses, Net) | B58: -8691703888 | C58: -36085245511 | D58: 60846603 | E58: -901721139
... A70: 비지배지분 총포괄이익 (Total Comprehensive Income Attributable to Non-Controlling Interests) | B70: 0 | C70: 0 | D70: 0 | E70: 0

Sheet KJB_Sep
A1: 별도 재무상태표 (Statement of Financial Position)
A3: 주식회사 광주은행 (KJ Bank) | E3: [단위: 백만원(KRW mn)]
A4: 과 목 (Description) | B4: 제13(당)기 2026년 3분기말 (As of Sep. 30, 2026) | D4: 제12(전)기 2025년말 (As of Dec. 31, 2025)
A5: 자 산 (Assets)
A6: 현금및현금성자산 (Cash & Due from Banks) | B6: 1611888109733 | D6: 1103140834963
A7: 당기손익-공정가치측정 금융자산 (FVPL) | B7: 1639038180306 | D7: 1697682816527
A8: 기타포괄손익-공정가치측정 금융자산 (FVOCI) | B8: 2073793852096 | D8: 2324755338942
A9: 상각후원가측정 유가증권 (AC-Financial Instrument) | B9: 2029835428433 | D9: 1900107994073
A10: 상각후원가측정 대출채권 및 기타금융자산 (AC-Loans) | B10: 29238524770465 | D10: 26708732254501
A11: 종속기업 투자자산 (Investment in Subsidiaries) | B11: 104988693715 | D11: 70899135786
A12: 투자부동산 (Investment Property) | B12: 7236312788 | D12: 7584423257
A13: 유형자산 (Property and Equipment) | B13: 286580390746 | D13: 283174218118
A14: 무형자산 (Intangible Assets) | B14: 43809194197 | D14: 47280284968
A15: 사용권자산 (Right-of-use Assets) | B15: 12807977831 | D15: 11911329400
A16: 기타자산 (Other Assets) | B16: 43821759553 | D16: 20010411263
A17: 순확정급여자산 (Retirement Benefit Assets) | B17: 66427770756 | D17: 55769116019
A18: 이연법인세자산 (Deferred Income Tax Assets) | B18: 19973430582 | D18: 18002187392
A19: 자 산 총 계 (Total Assets) | C19: 37178725871201 | E19: 34249050345209
A20: 부 채 (Liabilities)
A21: 당기손익-공정가치측정 금융부채 (Financial Liabilities at Fair Value Through Profit or Loss) | B21: 35674304281 | D21: 14440715260
A22: 예수부채 (Deposits) | B22: 29367701772895 | D22: 26993443007416
A23: 차입부채 (Borrowings) | B23: 1327644721401 | D23: 1465337027676
A24: 발행사채 (Debentures) | B24: 2910000000000 | D24: 2220016061678
A25: 충당부채 (Provisions) | B25: 10250099454 | D25: 12130283191
A26: 당기법인세부채 (Current Tax Liabilities) | B26: 28637498250 | D26: 41425982662
A27: 기타금융부채 (Other Financial Liabilities) | B27: 896291280459 | D27: 1086113983808
A28: 기타부채 (Other Liabilities) | B28: 16015217384 | D28: 19069566725
A29: 부 채 총 계 (Total Liabilities) | C29: 34592214894124 | E29: 31851976628416
A30: 자 본 (Equity)
A31: 자본금 (Paid-In Capital) | B31: 256580285000 | D31: 256580285000
A32: 신종자본증권 (Hybrid Securities) | B32: 99717480000 | D32: 99717480000
A33: 기타불입자본 (Capital Surplus) | B33: 689414543589 | D33: 689414543589
A34: 기타포괄손익누계액 (Accumulated Other Comprehensive Loss) | B34: -74766714567 | D34: -45691106561
A35: 이익잉여금 (Retained Earnings) | B35: 1615565383055 | D35: 1397052514765
A36: 자 본 총 계 (Total Equity) | C36: 2586510977077 | E36: 2397073716793
A37: 부 채 및 자 본 총 계 (Total Liabilities and Equity) | C37: 37178725871201 | E37: 34249050345209
A39: 별도포괄손익계산서 (Income Statement)
A41: 주식회사 광주은행 (KJ Bank) | E41: [단위: 백만원(KRW mn)]
A42: 과 목 (Description) | B42: 제13(당)기 반기 (3Q26) | D42: 제12(전)기 3분기 (3Q25)
B43: 3개월(3Q) | C43: 누적(Cum.) | D43: 3개월(3Q) | E43: 누적(Cum.)
A44: 순이자이익 (Net Interest Income) | B44: 218365592917 | C44: 642895290348 | D44: 212008648069 | E44: 615187161133
A45: 이자수익 (Interest Income) | B45: 400826381619 | C45: 1131127098858 | D45: 360166346336 | E45: 1074658589742
A46: 이자비용 (Interest Expense) | B46: -182460788702 | C46: -488231808510 | D46: -148157698267 | E46: -459471428609
A47: 순수수료이익 (Net Fee and Commission Income) | B47: -2035019651 | C47: 15724740398 | D47: 4574531496 | E47: 11801275082
A48: 수수료수익 (Fee and Commission Income) | B48: 19826827062 | C48: 69952631474 | D48: 21478450613 | E48: 63312093433
A49: 수수료비용 (Fee and Commission Expense) | B49: -21861846713 | C49: -54227891076 | D49: -16903919117 | E49: -51510818351
A50: 배당수익 (Dividend Income) | B50: 483871008 | C50: 1285824299 | D50: 323052031 | E50: 1213781890
A51: 당기손익-공정가치측정금융상품 관련손익(Net Income on FVPL) | B51: 2932790114 | C51: 15940833347 | D51: 3092115942 | E51: 21191127634
A52: 기타포괄손익-공정가치측정금융상품 관련손익 (Net Income on FVOCI) | B52: 0 | C52: 308083906 | D52: 247800080 | E52: 24324381280
A53: 신용손실에 대한 손상차손 (Net Impairment Loss on Credit Losses) | B53: -29371811464 | C53: -83504553673 | D53: -32716635548 | E53: -106879554188
A54: 일반관리비 (General and Administrative Expenses) | B54: -78466889767 | C54: -262349748107 | D54: -73472822336 | E54: -257371345701
A55: 기타영업손익 (Other Operating Expenses, Net) | B55: -11122451382 | C55: -35378589034 | D55: -258623437 | E55: -1852405813
... A63: 총포괄이익 (Total Comprehensive Income) | B63: 69341078189 | C63: 192887260284 | D63: 81141396795 | E63: 225565137468

Sheet Capital_Con
A1: 연결 재무상태표 (Consolidated Statement of Financial Position)
A3: 주식회사 JB우리캐피탈과 그 종속기업 (JB Woori Capital and its Subsidiaries) | E3: [단위: 백만원(KRW mn)]
A4: 계 정 명 (Description) | B4: =Capital_Sep!B4 -> 제32(당)기 2026년 3분기말 (As of Sep. 30, 2026) | D4: =Capital_Sep!D4 -> 제31(전)기 2025년말 (As of Dec. 31, 2025)
A5: 자산 (Asset)
A6: 현금및현금성자산 (Cash) | B6: 404450579005 | D6: 411060656211
A7: 예치금 (Due from Banks) | B7: 30004000000 | D7: 30004000000
A8: 당기손익-공정가치측정금융자산 (FVPL) | B8: 1566300619618 | D8: 1302470907443
A9: 기타포괄손익-공정가치측정금융자산 (FVOCI) | B9: 41562313800 | D9: 43098384000
A10: 관계기업투자주식 (Investments in Associates) | B10: 172851279858 | D10: 175133786025
A11: 위험회피파생상품자산 (Hedging Derivatives) | B11: 1301403970 | D11: 861143597
A12: 상각후원가 측정 대출채권 (AC-Loans) | B12: 9872936065205 | D12: 9223632552520
A13: 리스자산 (Lease Assets) | B13: 497792258416 | D13: 477968919977
A14: 유형자산 (Property and Equipment) | B14: 197036327093 | D14: 196451372078
A15: 무형자산 (Intangible Assets) | B15: 20651024711 | D15: 17708018207
A16: 투자부동산 (Investment Property) | B16: 118022359534 | D16: 13154166776
A17: 기타금융자산 (Other Financial Assets) | B17: 27508180316 | D17: 102541000244
... A21: 매각예정비유동자산 (Non-current Assets Held for Sale) | B21: 30814642810 | D21: 0
A22: 자 산 총 계 (Total Assets) | C22: 12982975467543 | E22: 12014485758732
A23: 부채 (Liabilities)
A24: 차입부채 (Borrowings) | B24: 10701531373623 | D24: 9913924894706
A25: 위험회피파생상품부채 (Hedging Derivative Liabilities) | B25: 0 | D25: 204716930
A26: 기타금융부채 (Other Financial Liabilities) | B26: 115188322725 | D26: 136564960905
A27: 기타부채 (Other Liabilities) | B27: 4.669759e+10 | D27: 4.5258451e+10
A28: 순확정급여부채 (Liability for Defined Benefit Obligations) | B28: 0 | D28: 0
A29: 당기법인세부채 (Tax Liabilities) | B29: 5.1765071e+10 | D29: 33901428731
A30: 이연법인세부채 (Deferred Tax Liabilities) | B30: 3.1362706e+10 | D30: 3.5585494e+10
A31: 부 채 총 계 (Total Liabilities) | C31: 1.0946545e+13 | E31: 1.016544e+13
A32: 자본 (Equity)
A33: 자본금 (Paid-In Capital) | B33: 687524590000 | D33: 687524590000
A34: 신종자본증권 (Hybrid Securities) | B34: 370000000000 | D34: 366000000000
A35: 자본잉여금 (Capital Surplus) | B35: 224091624702 | D35: 224091624702
A36: 자본조정 (Capital Adjustments) | B36: -1286760000 | D36: -1255340000
A37: 기타포괄손익누계액 (Accumulated Other Comprehensive Loss) | B37: 6399747785 | D37: 8653602323
A38: 이익잉여금 (Retained Earnings) | B38: 7.4929403e+11 | D38: 5.6374192e+11
A39: 비지배주주지분 (Non-Controlling Interests) | B39: 407171059 | D39: 289416791
A40: 자 본 총 계 (Total Equity) | C40: 2.0364304e+12 | E40: 1.8490458e+12
A41: 부 채 및 자 본 총 계 (Total Liabilities and Equity) | C41: 12982975467543 | E41: 12014485758732
A43: 연결 포괄손익계산서 (Consolidated Income Statement)
A45: 주식회사 JB우리캐피탈과 그 종속기업 (JB Woori Capital and its Subsidiaries) | E45: [단위: 백만원(KRW mn)]
A46: 과 목 (Description) | B46: 제32(당)기 3분기 (3Q26) | D46: 제31(전)기 3분기 (3Q25)
B47: 3개월(3Q) | C47: 누적(Cum.) | D47: 3개월(3Q) | E47: 누적(Cum.)
A48: 순이자수익 (Net Interest Income) | B48: 144110715606 | C48: 415225849095 | D48: 121617395257 | E48: 351578078303
A49: 이자수익 (Interest Income) | B49: 237681579869 | C49: 681815505074 | D49: 205590643835 | E49: 601798029133
A50: 이자비용 (Interest Expense) | B50: -93570864263 | C50: -266589655979 | D50: -83973248578 | E50: -250219950830
A51: 순수수료수익 (Net Fee and Commission Income) | B51: 1760968802 | C51: 2252518548 | D51: 1747656354 | E51: 3385534309
A52: 수수료수익 (Fee and Commission Income) | B52: 8278194267 | C52: 22316219263 | D52: 7392321355 | E52: 21101293607
A53: 수수료비용 (Fee and Commission Expense) | B53: -6517225465 | C53: -20063700715 | D53: -5644665001 | E53: -17715759298
A54: 순리스수익 (Net Lease Income) | B54: 7541090681 | C54: 23227075747 | D54: 9964383185 | E54: 31094067180
A55: 리스수익 (Lease Income) | B55: 35964305146 | C55: 114520709197 | D55: 50092526743 | E55: 160448347152
A56: 리스비용 (Lease Expense) | B56: -28423214465 | C56: -91293633450 | D56: -40128143558 | E56: -129354279972
A57: 기타영업손익 (Other Operating Expenses, Net) | B57: -66997419666 | C57: -122015759873 | D57: -2.9268132e+10 | E57: -1.1541911e+11
A58: 당기손익-공정가치측정금융상품관련손익 (Gain or Loss on FVPL) | B58: 1005289994 | C58: 109924382475 | D58: 37688251948 | E58: 75384643237
A59: 기타포괄손익-공정가치측정금융자산관련손익 (Gain or Loss on FVOCI) | B59: 0 | C59: 0 | D59: 0 | E59: 0
... A76: 총포괄이익 (Total Comprehensive Income) | B76: 6.3598453e+10 | C76: 2.4081461e+11 | D76: 8.0896748e+10 | E76: 2.1276331e+11

Sheet Capital_Sep
A1: 재무상태표 (Statement of Financial Position)
A3: 주식회사 JB우리캐피탈 (JB Woori Capital) | E3: [단위: 백만원(KRW mn)]
A4: 계 정 명 (Description) | B4: 제32(당)기 2026년 3분기말 (As of Sep. 30, 2026) | D4: 제31(전)기 2025년말 (As of Dec. 31, 2025)
A5: 자산 (Asset)
A6: 현금및현금성자산 (Cash) | B6: 402640214217 | D6: 405132891580
A7: 예치금 (Due from Banks) | B7: 30004000000 | D7: 30004000000
A8: 당기손익-공정가치측정금융자산 (FVPL) | B8: 1566300619618 | D8: 1302470907443
A9: 기타포괄손익-공정가치측정금융자산 (FVOCI) | B9: 41562313800 | D9: 43098384000
A10: 종속기업 및 관계기업투자주식 (Investments in Affilated Securities) | B10: 177422328077 | D10: 166767374504
A11: 위험회피파생상품자산 (Hedging Derivatives) | B11: 1301403970 | D11: 861143597
A12: 상각후원가 측정 대출채권 (AC-Loans) | B12: 9843645170543 | D12: 9203031618935
A13: 리스자산 (Lease Assets) | B13: 497792258416 | D13: 477968919977
A14: 유형자산 (Property and Equipment) | B14: 196805302481 | D14: 196150026748
A15: 무형자산 (Intangible Assets) | B15: 20497197158 | D15: 17408599464
A16: 투자부동산 (Investment Property) | B16: 0 | D16: 13154166776
A17: 기타금융자산 (Other Financial Assets) | B17: 118047424702 | D17: 102818683084
... A21: 매각예정비유동자산 (Non-current Assets Held for Sale) | B21: 30814642810 | D21: 0
A22: 자 산 총 계 (Total Assets) | C22: 12956034837605 | E22: 11984440140438
A23: 부채 (Liabilities)
A24: 차입부채 (Borrowings) | B24: 10691872026595 | D24: 9905885315238
A25: 위험회피파생상품부채 (Hedging Derivative Liabilities) | B25: 0 | D25: 204716930
A26: 기타금융부채 (Other Financial Liabilities) | B26: 112573583115 | D26: 134206269320
A27: 기타부채 (Other Liabilities) | B27: 4.5237145e+10 | D27: 4.3823014e+10
A28: 순확정급여부채 (Liability for Defined Benefit Obligations) | B28: 0 | D28: 0
A29: 당기법인세부채 (Tax Liabilities) | B29: 5.1765071e+10 | D29: 33901428731
A30: 이연법인세부채 (Deferred Tax Liabilities) | B30: 29595283049 | D30: 31952798432
A31: 부 채 총 계 (Total Liabilities) | C31: 1.0931043e+13 | E31: 1.0149974e+13
A32: 자본 (Equity)
A33: 자본금 (Paid-In Capital) | B33: 687524590000 | D33: 687524590000
A34: 신종자본증권 (Hybrid Securities) | B34: 370000000000 | D34: 366000000000
A35: 자본잉여금 (Capital Surplus) | B35: 223927986888 | D35: 223927986888
A36: 자본조정 (Capital Adjustments) | B36: -1286760000 | D36: -1255340000
A37: 기타포괄손익누계액 (Accumulated Other Comprehensive Loss) | B37: 8853517659 | D37: 9960418340
A38: 이익잉여금 (Retained Earnings) | B38: 7.359724e+11 | D38: 5.4830894e+11
A39: 자 본 총 계 (Total Equity) | C39: 2.0249917e+12 | E39: 1.8344666e+12
A40: 부 채 및 자 본 총 계 (Total Liabilities and Equity) | C40: 12956034837605 | E40: 11984440140438
A42: 포괄손익계산서 (Income Statement)
A44: 주식회사 JB우리캐피탈 (JB Woori Capital) | E44: [단위: 백만원(KRW mn)]
A45: 과 목 (Description) | B45: 제32(당)기 3분기 (3Q26) | D45: 제31(전)기 3분기 (3Q25)
B46: 3개월(3Q) | C46: 누적(Cum.) | D46: 3개월(3Q) | E46: 누적(Cum.)
A47: 순이자수익 (Net Interest Income) | B47: 142426612627 | C47: 410502456905 | D47: 120684945959 | E47: 349275897007
A48: 이자수익 (Interest Income) | B48: 235640944571 | C48: 676027845150 | D48: 204441688062 | E48: 598926890953
A49: 이자비용 (Interest Expense) | B49: -93214331944 | C49: -265525388245 | D49: -83756742103 | E49: -249650993946
A50: 순수수료수익 (Net Fee and Commission Income) | B50: 1414751317 | C50: 1471922195 | D50: 1519173659 | E50: 3075306983
A51: 수수료수익 (Fee and Commission Income) | B51: 7888260131 | C51: 21334631918 | D51: 7136787115 | E51: 20665895494
A52: 수수료비용 (Fee and Commission Expense) | B52: -6473508814 | C52: -19862709723 | D52: -5617613456 | E52: -17590588511
A53: 순리스수익 (Net Lease Income) | B53: 7541090681 | C53: 23227075747 | D53: 9964383185 | E53: 31094067180
A54: 리스수익 (Lease Income) | B54: 35964305146 | C54: 114520709197 | D54: 50092526743 | E54: 160448347152
A55: 리스비용 (Lease Expense) | B55: -28423214465 | C55: -91293633450 | D55: -40128143558 | E55: -129354279972
A56: 기타영업손익 (Other Operating Expenses, Net) | B56: -64896798377 | C56: -113006138840 | D56: -29080662506 | E56: -128201471186
A57: 당기손익-공정가치측정금융상품관련손익 (Gain or Loss on FVPL) | B57: 1005289994 | C57: 109924382475 | D57: 37688251948 | E57: 75347267237
A58: 기타포괄손익-공정가치측정금융자산관련손익 (Gain or Loss on FVOCI) | B58: 0 | C58: 0 | D58: 0 | E58: 0
... A73: 총포괄이익 (Total Comprehensive Income) | B73: 6.5965056e+10 | C73: 2.4395515e+11 | D73: 7.9317912e+10 | E73: 200507156152

Sheet 자산운용_별도
A1: 분기 별도 재무상태표 | F1: 요약반기 재무상태표
A2: 제1(당)기 3분기 2013년 9월 30일 현재 | F2: 제8기 반기말 2014년 09월 30일 현재
F3: 제7기 2013년 12월 31일 현재
A5: 2013.09.30 | D5: [단위:원] | F5: 제이비자산운용주식회사 | K5: [단위:원]
A6: 계 정 명 | B6: 주석 | C6: 제1기 개시 | F6: 계 정 명 | G6: 주석 | H6: 제8기 반기말 | J6: 제7기말 | N6: 과 목 | O6: 주석 | P6: 제8기 1분기말 | R6: 제7기말
A7: 자 산 | F7: =IF(N7<>"",N7,"") -> 자 산 | N7: 자 산
A8: 1. 현금및예치금 | C8: 0 | F8: =IF(N8<>"",N8,"") -> I. 현금및현금성자산 | H8: =IF(P8<>"",P8,"") -> 2097114135 | I8: =IF(Q8<>"",Q8,"") | J8: =IF(R8<>"",R8,"") -> 2604162704 | K8: =IF(S8<>"",S8,"") | N8: I. 현금및현금성자산 | O8: 24,28 | P8: 2097114135 | R8: 2604162704
A9: 2. 단기매매금융자산 | C9: 0 | F9: =IF(N9<>"",N9,"") -> II. 단기금융상품 | H9: =IF(P9<>"",P9,"") -> 8542400000 | I9: =IF(Q9<>"",Q9,"") | J9: =IF(R9<>"",R9,"") -> 8000000000 | K9: =IF(S9<>"",S9,"") | N9: II. 단기금융상품 | O9: 4,24,27,28 | P9: 8542400000 | R9: 8000000000
A10: 3. 당기손익인식금융자산 | C10: 0 | F10: =IF(N10<>"",N10,"") -> III. 대출채권 | H10: =IF(P10<>"",P10,"") -> 1494721432 | I10: =IF(Q10<>"",Q10,"") | J10: =IF(R10<>"",R10,"") -> 1747810240 | K10: =IF(S10<>"",S10,"") | N10: III. 대출채권 | O10: 6,27,28 | P10: 1494721432 | R10: 1747810240
A11: 4. 위험회피파생상품자산 | C11: 0 | F11: =IF(N11<>"",N11,"") -> IV. 유형자산 | H11: =IF(P11<>"",P11,"") -> 264247066 | I11: =IF(Q11<>"",Q11,"") | J11: =IF(R11<>"",R11,"") -> 10963336 | K11: =IF(S11<>"",S11,"") | N11: IV. 유형자산 | O11: 7 | P11: 264247066 | R11: 10963336
A12: 5. 매도가능금융자산 | C12: 0 | F12: =IF(N12<>"",N12,"") -> V. 무형자산 | H12: =IF(P12<>"",P12,"") -> 361889250 | I12: =IF(Q12<>"",Q12,"") | J12: =IF(R12<>"",R12,"") -> 353488000 | K12: =IF(S12<>"",S12,"") | N12: V. 무형자산 | O12: 9 | P12: 361889250 | R12: 353488000
F13: =IF(N13<>"",N13,"") -> VI. 기타금융자산 | H13: =IF(P13<>"",P13,"") -> 684359806 | I13: =IF(Q13<>"",Q13,"") | J13: =IF(R13<>"",R13,"") -> 476862478 | K13: =IF(S13<>"",S13,"") | N13: VI. 기타금융자산 | O13: 10,24,27,28 | P13: 684359806 | R13: 476862478
F14: =IF(N14<>"",N14,"") -> VII. 기타자산 | H14: =IF(P14<>"",P14,"") -> 52323182 | I14: =IF(Q14<>"",Q14,"") | J14: =IF(R14<>"",R14,"") -> 3372432 | K14: =IF(S14<>"",S14,"") | N14: VII. 기타자산 | O14: 11 | P14: 52323182 | R14: 3372432
A15: 자 산 총 계 | D15: 709502325154 | F15: =IF(N15<>"",N15,"") -> 자 산 총 계 | H15: =IF(P15<>"",P15,"") | I15: =IF(Q15<>"",Q15,"") -> 13497054871 | J15: =IF(R15<>"",R15,"") | K15: =IF(S15<>"",S15,"") -> 13196659190 | N15: 자 산 총 계 | Q15: 13497054871 | S15: 13196659190
A16: 부 채 | F16: =IF(N16<>"",N16,"") -> 부 채 | H16: =IF(P16<>"",P16,"") | I16: =IF(Q16<>"",Q16,"") | J16: =IF(R16<>"",R16,"") | K16: =IF(S16<>"",S16,"") | N16: 부 채
A17: 1. 예수부채 | C17: 0 | F17: =IF(N17<>"",N17,"") -> I. 순확정급여부채 | H17: =IF(P17<>"",P17,"") -> 117944091 | I17: =IF(Q17<>"",Q17,"") | J17: =IF(R17<>"",R17,"") -> 87279660 | K17: =IF(S17<>"",S17,"") | N17: I. 순확정급여부채 | O17: 12 | P17: 117944091 | R17: 87279660
A18: 3. 위험회피파생상품부채 | C18: 0 | F18: =IF(N18<>"",N18,"") -> II. 기타금융부채 | H18: =IF(P18<>"",P18,"") -> 181542058 | I18: =IF(Q18<>"",Q18,"") | J18: =IF(R18<>"",R18,"") -> 350150540 | K18: =IF(S18<>"",S18,"") | N18: II. 기타금융부채 | O18: 13,27,28 | P18: 181542058 | R18: 350150540
F19: =IF(N19<>"",N19,"") -> III. 기타부채 | H19: =IF(P19<>"",P19,"") -> 44254426 | I19: =IF(Q19<>"",Q19,"") | J19: =IF(R19<>"",R19,"") -> 24540450 | K19: =IF(S19<>"",S19,"") | N19: III. 기타부채 | O19: 14 | P19: 44254426 | R19: 24540450
A20: 부 채 총 계 | D20: 1631537343 | F20: =IF(N20<>"",N20,"") -> 부 채 총 계 | H20: =IF(P20<>"",P20,"") | I20: =IF(Q20<>"",Q20,"") -> 343740575 | J20: =IF(R20<>"",R20,"") | K20: =IF(S20<>"",S20,"") -> 461970650 | N20: 부 채 총 계 | Q20: 343740575 | S20: 461970650
A21: 자 본 | F21: =IF(N21<>"",N21,"") -> 자 본 | H21: =IF(P21<>"",P21,"") | I21: =IF(Q21<>"",Q21,"") | J21: =IF(R21<>"",R21,"") | K21: =IF(S21<>"",S21,"") | N21: 자 본
A22: 1. 자본금 | C22: 334121810000 | F22: =IF(N22<>"",N22,"") -> I. 자본금 | H22: =IF(P22<>"",P22,"") -> 13720000000 | I22: =IF(Q22<>"",Q22,"") | J22: =IF(R22<>"",R22,"") -> 13720000000 | K22: =IF(S22<>"",S22,"") | N22: I. 자본금 | O22: 15 | P22: 13720000000 | R22: 13720000000
A23: 2. 자본잉여금 | C23: 374585966565 | F23: =IF(N23<>"",N23,"") -> II. 자본조정 | H23: =IF(P23<>"",P23,"") -> -28800000 | I23: =IF(Q23<>"",Q23,"") | J23: =IF(R23<>"",R23,"") -> -28800000 | K23: =IF(S23<>"",S23,"") | N23: II. 자본조정 | O23: 15 | P23: -28800000 | R23: -28800000
A24: 3. 자본조정 | C24: 0 | F24: =IF(N24<>"",N24,"") -> III. 기타포괄손익누계액 | H24: =IF(P24<>"",P24,"") -> 29775080 | I24: =IF(Q24<>"",Q24,"") | J24: =IF(R24<>"",R24,"") -> 29775080 | K24: =IF(S24<>"",S24,"") | N24: III. 기타포괄손익누계액 | O24: 16 | P24: 29775080 | R24: 29775080
A25: 4. 기타포괄손익누계액 | C25: -77625220 | F25: =IF(N25<>"",N25,"") -> IV. 결손금 | H25: =IF(P25<>"",P25,"") -> -567660784 | I25: =IF(Q25<>"",Q25,"") | J25: =IF(R25<>"",R25,"") -> -986286540 | K25: =IF(S25<>"",S25,"") | N25: IV. 결손금 | O25: 17 | P25: -567660784 | R25: -986286540
A26: 자 본 총 계 | D26: 707870787811 | F26: =IF(N26<>"",N26,"") -> 자 본 총 계 | H26: =IF(P26<>"",P26,"") | I26: =IF(Q26<>"",Q26,"") -> 13153314296 | J26: =IF(R26<>"",R26,"") | K26: =IF(S26<>"",S26,"") -> 12734688540 | N26: 자 본 총 계 | Q26: 13153314296 | S26: 12734688540
A27: 부 채 와 자 본 총 계 | D27: 709502325154 | F27: =IF(N27<>"",N27,"") -> 부 채 및 자 본 총 계 | H27: =IF(P27<>"",P27,"") | I27: =IF(Q27<>"",Q27,"") -> 13497054871 | J27: =IF(R27<>"",R27,"") | K27: =IF(S27<>"",S27,"") -> 13196659190 | N27: 부 채 및 자 본 총 계 | Q27: 13497054871 | S27: 13196659190
A29: 분기 별도 포괄손익계산서 | F29: 요약반기 포괄손익계산서
A30: 제1(당)기 3분기 2013년 7월 1일부터 2013년 9월 30일 | F30: 제8기 반기 2014년 04월 01일부터 2014년 09월 30일까지
F31: 제7기 반기 2013년 04월 01일부터 2013년 09월 30일까지
A33: 2013.09.30 | D33: [단위:원] | F33: 제이비자산운용주식회사 | K33: [단위:원]
F34: 과 목 | H34: 제8기 반기 | J34: 제7기 반기 | N34: 과 목 | O34: 주석 | P34: 제8기 1분기 | R34: 제7기 1분기
H35: 3개월 | I35: 누적 | J35: 3개월 | K35: 누적
F36: =IF(N36<>"",N36,"") -> Ⅰ. 영업수익 | H36: 612076395 | N36: Ⅰ. 영업수익 | Q36: 1026386969 | S36: 480819459
A37: (1) 순이자수익 | D37: -6070853 | F37: =IF(N37<>"",N37,"") -> 1. 수수료수익 | H37: 541515266 | N37: 1. 수수료수익 | O37: 18 | P37: 967828879 | R37: 438178961
A38: 1. 이자수익 | C38: 2065393 | F38: =IF(N38<>"",N38,"") -> 2. 매도가능금융자산처분이익 | H38: 0 | N38: 2. 매도가능금융자산처분이익 | O38: 19,28 | P38: 0 | R38: 7404784
A39: 2. 이자비용 | C39: -8136246 | F39: =IF(N39<>"",N39,"") -> 3. 이자수익 | H39: 70561129 | N39: 3. 이자수익 | O39: 20,24,28 | P39: 58558090 | R39: 35235714
A40: (2) 순수수료수익 | D40: -136070792 | F40: =IF(N40<>"",N40,"") -> Ⅱ. 영업비용 | H40: 677946951 | N40: Ⅱ. 영업비용 | Q40: 542257142 | S40: 765620975
A41: 1. 수수료수익 | C41: 4400000 | F41: =IF(N41<>"",N41,"") -> 1. 수수료비용 | H41: 1223889 | N41: 1. 수수료비용 | O41: 18 | P41: 1488427 | R41: 5531493
F42: =IF(N42<>"",N42,"") -> 2. 매도가능금융자산처분손실및손상차손 | H42: 36764 | N42: 2. 매도가능금융자산처분손실및손상차손
A43: 2. 수수료비용 | C43: -140470792 | F43: =IF(N43<>"",N43,"") -> 3. 판매비와관리비 | H43: 676686298 | N43: 3. 판매비와관리비 | O43: 21,24 | P43: 540768715 | R43: 760089482
A44: 1. 리스수익 | C44: 0 | F44: =IF(N44<>"",N44,"") -> Ⅲ. 영업이익(손실) | H44: -65870556 | N44: Ⅲ. 영업이익(손실) | Q44: 484129827 | S44: -284801516
A45: 2. 리스비용 | C45: 0 | F45: =IF(N45<>"",N45,"") -> Ⅳ. 영업외수익 | H45: 500482 | N45: Ⅳ. 영업외수익 | O45: 22 | Q45: 44501 | S45: 6136
A46: (4) 단기매매금융상품관련순손익 | D46: 0 | F46: =IF(N46<>"",N46,"") -> Ⅴ. 영업외비용 | H46: 82483 | N46: Ⅴ. 영업외비용 | O46: 22 | Q46: 96015 | S46: 2
A47: 1. 단기매매금융상품관련이익 | C47: 0 | F47: =IF(N47<>"",N47,"") -> Ⅵ. 법인세비용차감전순이익(손실) | H47: -65452557 | N47: Ⅵ. 법인세비용차감전순이익(손실) | Q47: 484078313 | S47: -284795382
A48: 2. 단기매매금융상품관련손실 | C48: 0 | F48: =IF(N48<>"",N48,"") -> Ⅶ. 법인세비용 | H48: 0 | N48: Ⅶ. 법인세비용 | O48: 23 | Q48: 0 | S48: 0
A49: (5) 당기손익인식금융상품관련순손익 | D49: 0 | F49: =IF(N49<>"",N49,"") -> Ⅷ. 분기순이익(손실) | H49: -65452557 | N49: Ⅷ. 분기순이익(손실) | Q49: 484078313 | S49: -284795382
A50: 2. 당기손익인식금융상품관련손실 | C50: 0 | F50: =IF(N50<>"",N50,"") -> Ⅸ. 기타포괄손익 | H50: 0 | N50: Ⅸ. 기타포괄손익 | Q50: 0 | S50: 0
A51: (5) 매도가능금융상품관련순손익 | D51: 0 | F51: =IF(N51<>"",N51,"") -> Ⅹ. 분기총포괄이익(손실) | H51: -65452557 | N51: Ⅹ. 분기총포괄이익(손실) | Q51: 484078313 | S51: -284795382
A52: 1. 매도가능금융상품관련이익 | C52: 0 | F52: =IF(N52<>"",N52,"")
A53: 2. 매도가능금융상품관련손실 | C53: 0 | F53: =IF(N53<>"",N53,"") -> 기본및희석주당순이익(손실) | N53: 기본및희석주당순이익(손실) | O53: 25 | Q53: 176 | S53: -184
D55: 66824362

Sheet 블루에이치제1차_별도
